 Dungeon Crawl Stone Soup version 0.21-a0-51-gea492e9 (webtiles) character file.

184 Ijustatesigmund the Magician (level 5, -7/32 HPs)
             Began as an Octopode Wizard on June 12, 2017.
             Mangled by a worker ant (8 damage)
             ... on level 4 of the Dungeon.
             The game lasted 00:09:45 (2987 turns).

Ijustatesigmund the Magician (Octopode Wizard)      Turns: 2987, Time: 00:09:46

Health: -7/32      AC:  1    Str: 12    XL:     5   Next: 63%
Magic:  11/11      EV: 13    Int: 21    God:
Gold:   74         SH:  0    Dex: 11    Spells: 7/12 levels left

rFire    . . .     SeeInvis .   f - +2 whip (elec)
rCold    . . .     Gourm    .   (no shield)
rNeg     + . .     Faith    .   a - +0 hat
rPois    .         Spirit   .   (no amulet)
rElec    .         Reflect  .   p - ring of positive energy
rCorr    .         Harm     .   r - +6 ring of strength
MR       .....                  (no ring)
Stlth    +++.......             (no ring)
Regen    0.1/turn               (no ring)
MPRegen  0.2/turn               (no ring)
                                (no ring)
                                (no ring)

@: lethally poisoned (-7 -> -28)
A: almost no armour, stealthy swim, amphibious, 8 rings, constrict 8, camouflage
1, gelatinous body 1
a: no special abilities


You were on level 4 of the Dungeon.
You were not hungry.

You visited 1 branch of the dungeon, and saw 4 of its levels.

You collected 74 gold pieces.

Inventory:

Hand Weapons
 f - a +2 whip of electrocution (weapon)
Armour
 a - a +0 hat (worn)
Jewellery
 p - a ring of positive energy (left tentacle)
 r - a +6 ring of strength (right tentacle)
Scrolls
 e - 3 scrolls of identify {unknown}
 h - a scroll of remove curse
 o - a scroll of recharging {unknown}
 q - a scroll of noise {unknown}
 s - a scroll of teleportation
Potions
 d - a potion of haste {unknown}
 g - a potion of magic
 j - a potion of lignification {unknown}
 l - 2 potions of flight {unknown}
 n - a potion of degeneration {unknown}
 t - a potion of invisibility {unknown}
 u - a potion of agility
Books
 b - a book of Minor Magic

   Spells                             Type                      Level
   a - Magic Dart                     Conjuration                  1
   b - Blink                          Translocation                2
   c - Call Imp                       Summoning                    2
   d - Slow                           Hexes                        2
   e - Conjure Flame                  Conjuration/Fire             3
   f - Mephitic Cloud                 Conjuration/Poison/Air       3
Comestibles
 c - 2 bread rations
 i - a meat ration
 k - 3 fruits


   Skills:
 + Level 0.4 Fighting
 + Level 0.4 Maces & Flails
 + Level 2.2 Dodging
 - Level 2.6 Stealth
 - Level 4.0 Spellcasting
 - Level 3.0 Conjurations
 - Level 2.0 Summonings
 - Level 2.2 Translocations


You had 7 spell levels left.
You knew the following spells:

 Your Spells              Type           Power        Failure   Level  Hunger
a - Magic Dart            Conj           ###.         3%          1    None
b - Blink                 Tloc           N/A          8%          2    #......
c - Call Imp              Summ           ##......     8%          2    #......


Dungeon Overview and Level Annotations

Branches:
Dungeon (3/15)

Altars:


Innate Abilities, Weirdness & Mutations

You cannot wear most types of armour.
You are very stealthy in the water. (Stealth+)
You are amphibious.
You can wear up to eight rings at the same time.
You can use your tentacles to constrict eight enemies at once.
Your skin changes colour to match your surroundings (Stealth+).
Your rubbery body absorbs attacks. (AC +1, EV +1)


Message History

You feel sick. The worker ant bites you.
* * * LOW HITPOINT WARNING * * *
You are lethally poisoned!
The worker ant poisons you!
Casting: Magic Dart
Confirm with . or Enter, or press ? or * to list all spells.
Aiming: Magic Dart
Press: ? - help, Shift-Dir - straight line, f/p - worker ant
Aim: a worker ant (almost dead)
The magic dart hits the worker ant.
The worker ant is almost dead.
* * * LOW HITPOINT WARNING * * *
You feel sick. The worker ant bites you.
* * * LOW HITPOINT WARNING * * *
You are more poisoned.
The worker ant poisons you!
It was a potion of magic.
Magic courses through your body.
* * * LOW HITPOINT WARNING * * *
You feel sick. The worker ant bites you!
You die...

... ####.. ... ..
#......#.# .# #......#.#
.# #. ####........
.###... #.......##.#
.#...#. #.......##.##
.......
.#......†##..####a.....#
......>.>.......@.......
#....[...####...........
#..........##.........#.
##.......#.##.........#
.[.....###..##.#.#.##..#
.......# ##........# .#
.......# ####.....# .
.......######....#..#
##.†............###..


You could see a worker ant.

Vanquished Creatures
  Jessica (D:3)
  A worker ant (D:2)
  Robin (D:3)
  5 adders
  2 dart slugs
  2 orcs (D:3)
  A ball python (D:4)
  5 bats
  6 giant cockroaches
  12 goblins
  8 hobgoblins
  4 jackals (D:2)
  10 kobolds
  3 frilled lizards
  10 rats
71 creatures vanquished.

Vanquished Creatures (others)
  A goblin (D:3)
1 creature vanquished.

Grand Total: 72 creatures vanquished

Notes
Turn   | Place    | Note
-------+----------+-------------------------------------------
     0 | D:1      | Ijustatesigmund the Octopode Wizard began the quest for the Orb.
     0 | D:1      | Reached XP level 1. HP: 11/11 MP: 4/4
   528 | D:1      | Reached XP level 2. HP: 17/17 MP: 3/6
   560 | D:1      | Learned a level 2 spell: Blink
  1521 | D:2      | Reached XP level 3. HP: 21/21 MP: 4/7
  1620 | D:2      | Learned a level 2 spell: Call Imp
  1983 | D:2      | Reached XP level 4. HP: 27/27 MP: 9/9
  2146 | D:2      | Reached skill level 4 in Spellcasting
  2353 | D:3      | Noticed Robin
  2359 | D:3      | Killed Robin
  2609 | D:2      | Reached XP level 5. HP: 21/31 MP: 7/11
  2799 | D:3      | Noticed Jessica
  2804 | D:3      | Killed Jessica
  2889 | D:3      | You fall through a shaft!
  2987 | D:4      | HP: 1/32 [poisoned by a worker ant]
  2987 | D:4      | Mangled by a worker ant

Vault maps used:
D:1:      minmay_arrival_plants_in_alcoves
D:2:      first_bread, minmay_tetromino_t2
D:3:      lemuel_round_altar, minmay_misc_feat_rows, doesnt_xom_only_xom,
          uniq_robin, uniq_jessica
D:4:      minivault_14, uniq_menkaure, uniq_sigmund

Skill      XL: |  1  2  3  4  5 |
---------------+----------------+-----
Conjurations   | 2 3 |  3.0
Spellcasting   | 4 |  4.0
Translocations | 2 |  2.2
Summonings     | 2 |  2.0
Fighting       | |  0.4
Maces & Flails | |  0.4
Dodging        | |  2.2
Stealth        | |  2.6

Action                   |  1- 3 |  4- 6 || total
-------------------------+-------+-------++-------
Melee: Hand axe          |    13 |       ||    13
       Constrict         |     5 |     7 ||    12
       Tentacles         |     3 |     4 ||     7
       Whip              |    11 |    16 ||    27
 Cast: Magic Dart        |    69 |    75 ||   144
  Use: Scroll            |     4 |       ||     4
       Potion            |       |     1 ||     1
  Eat: Bread ration      |     1 |       ||     1
       Chunk             |       |     2 ||     2
Armor: Skin              |     3 |     3 ||     6
Dodge: Dodged            |    26 |    16 ||    42
